 Dungeon Crawl Stone Soup version 0.30.0-16-gbe6223bb7e (webtiles) character file.

Game seed: 14154682597859381765

1675 AlmostDecent the Cleaver (level 8, -2/70 HPs)
             Began as a Minotaur Berserker on May 20, 2023.
             Was a Priest of Trog.
             Slain by an orc warrior
             ... wielding a +0 dire flail
              (16 damage)
             ... on level 7 of the Dungeon.
             The game lasted 00:14:15 (4051 turns).

AlmostDecent the Cleaver (Minotaur Berserker)       Turns: 4051, Time: 00:14:16

Health: -2/70      AC:  2    Str: 22    XL:     8   Next: 70%
Magic:  7/7        EV: 13    Int:  4    God:    Trog [***...]
Gold:   185        SH:  5    Dex: 12    Spells: 7/7 levels left

rFire   . . .        a - +0 hand axe
rCold   . . .        (no shield)
rNeg    . . .        b - +0 animal skin
rPois   .            (helmet restricted)
rElec   .            (no cloak)
rCorr   .            (no gloves)
SInv    +            (no boots)
Will    .....        h - amulet of reflection
Stlth   ++           d - +4 ring of slaying
HPRegen 0.31/turn    m - ring of see invisible
MPRegen 0.10/turn

%: reflection
@: on berserk cooldown, slowed, very slow
A: horns 2, retaliatory headbutt
a: Renounce Religion, Berserk, Trog's Hand


You were on level 7 of the Dungeon.
You worshipped Trog.
Trog was most pleased with you.
You visited 1 branch of the dungeon, and saw 7 of its levels.

You collected 185 gold pieces.

Inventory:

Hand Weapons
 a - a +0 hand axe (weapon)
Armour
 b - a +0 animal skin (worn)
Jewellery
 d - a +4 ring of slaying (left hand)
 h - an amulet of reflection (around neck)
 i - a ring of magical power
 m - a ring of see invisible (right hand)
Wands
 t - a wand of flame (16)
 u - a wand of mindburst (10)
Scrolls
 e - 2 scrolls of enchant armour {unknown}
 j - a scroll of fog {unknown}
 k - a scroll of amnesia {unknown}
 p - a scroll of magic mapping {unknown}
 s - a scroll of brand weapon {unknown}
 v - a scroll of teleportation {unknown}
Potions
 c - a potion of resistance
 f - a potion of attraction
 g - a potion of curing
 l - a potion of flight
 n - a potion of invisibility
 o - a potion of brilliance
 q - a potion of lignification
 r - a potion of might
 w - a potion of heal wounds {unknown}


   Skills:
 + Level 6.2 Fighting
 * Level 11.2 Axes
 + Level 2.8 Armour
 + Level 4.1 Dodging
 + Level 2.0 Stealth
 + Level 2.8 Shields


You had 7 spell levels left.
You didn't know any spells.
Your spell library was empty.

Dungeon Overview and Level Annotations

Branches:
Dungeon (8/15)             Temple (0/1) D:5
   Lair: D:8-11

Altars:
Ashenzari
Cheibriados
Fedhas
Gozag
Nemelex Xobeh
Okawaru
Trog
Wu Jian
Lugonu

Portals:
Abyss: D:4

Annotations:
D:4 2 runed translucent doors


Innate Abilities, Weirdness & Mutations

You have a pair of horns on your head.
You reflexively headbutt those who attack you in melee.


Message History

The orc warrior is moderately wounded.
You hit the bullfrog. The bullfrog barely misses you. You furiously retaliate!
You headbutt the bullfrog! You block the orc warrior's attack.
The bullfrog barely misses you. You furiously retaliate!
You headbutt the bullfrog. You completely miss the orc warrior.
The orc warrior is moderately wounded.
You hit the bullfrog.
You kill the bullfrog!
Trog accepts your kill. The orc warrior closely misses you.
You completely miss the orc warrior.
The orc warrior is moderately wounded.
The orc warrior closely misses you. You furiously retaliate!
You headbutt the orc warrior.
You hit the orc warrior but do no damage.
The orc warrior is heavily wounded.
You hit the orc. The orc hits you but does no damage.
You block the orc warrior's attack.
You slash the orc warrior! Your headbutt misses the orc warrior.
Your punch misses the orc warrior.
The orc warrior is severely wounded.
You hit the orc.
The orc warrior hits you with a +0 dire flail!!
The orc hits you with a +0 dagger. The orc closely misses you.
The orc warrior hits you with a +0 dire flail!
You barely miss the orc warrior.
The orc warrior is severely wounded.
You hit the orc.
You kill the orc!
Trog accepts your kill.
The orc warrior hits you with a +0 dire flail!
* * * LOW HITPOINT WARNING * * *
You hit the orc warrior. Your headbutt misses the orc warrior.
The orc warrior is almost dead.
The orc warrior barely misses you.
You closely miss the orc warrior. You headbutt the orc warrior.
The orc warrior is almost dead.
The orc warrior hits you with a +0 dire flail!
You die...

###### #....#
#....+ #...#
#.@o#
........))......
#...............
##..##.####.###.
## ## .# . . ..


You could see an orc warrior.

Vanquished Creatures
  A two-headed ogre (D:8)
  Sigmund (D:5)
  An ice beast (D:4)
  A black bear (D:5)
  The ghost of RascalDebosk the Magician, an amateur DjSu (D:3)
  3 bullfrogs
  A jelly (D:4)
  4 orc priests
  A gnoll bouda (D:5)
  2 iguanas
  An orc wizard (D:3)
  5 gnolls (D:5)
  7 adders
  A white imp (D:5)
  3 worms
  3 dart slugs
  17 orcs
  6 endoplasms
  3 giant cockroaches
  10 goblins
  8 hobgoblins
  6 quokkas
  9 ball pythons
  4 bats (D:1)
  6 frilled lizards
  7 kobolds
  5 rats
117 creatures vanquished.

Notes
Turn   | Place    | Note
-------+----------+-------------------------------------------
     0 | D:1      | AlmostDecent the Minotaur Berserker began the quest for the
                  | Orb.
     0 | D:1      | Reached XP level 1. HP: 19/19 MP: 0/0
    70 | D:1      | Reached XP level 2. HP: 25/27 MP: 1/1
   110 | D:1      | Reached skill level 4 in Axes
   453 | D:1      | Reached ** piety under Trog
   476 | D:1      | Found a faded altar of an unknown god.
   577 | D:2      | Reached XP level 3. HP: 31/33 MP: 2/2
   660 | D:2      | Identified the +2 leather armour of Winter {Harm Str+3}
   907 | D:2      | Reached skill level 5 in Axes
   956 | D:2      | Reached XP level 4. HP: 28/40 MP: 3/3
  1644 | D:3      | Reached skill level 6 in Axes
  1644 | D:3      | Reached XP level 5. HP: 46/46 MP: 4/4
  1772 | D:3      | Reached *** piety under Trog
  2036 | D:3      | Found a runed translucent gate.
  2036 | D:3      | Found a runed translucent gate.
  2036 | D:3      | Found a runed translucent gate.
  2036 | D:3      | Noticed RascalDebosk's ghost (amateur DjSu)
  2037 | D:3      | Identified the +3 dagger "Zetien" {heavy, Will+ Dex+3}
  2037 | D:3      | Identified the +0 leather armour of Benevolence {Fly rF+
                  | rCorr Str-3}
  2276 | D:3      | Killed RascalDebosk's ghost
  2277 | D:3      | Reached skill level 1 in Shields
  2281 | D:3      | Reached XP level 6. HP: 32/53 MP: 5/5
  2509 | D:4      | Reached skill level 7 in Axes
  2727 | D:4      | Noticed an ice beast
  2736 | D:4      | Killed an ice beast
  2848 | D:4      | Reached skill level 8 in Axes
  2848 | D:4      | Reached XP level 7. HP: 50/60 MP: 6/6
  3002 | D:4      | Found a one-way gate to the infinite horrors of the Abyss.
  3020 | D:4      | Found an iron altar of Okawaru.
  3142 | D:4      | Found a large runed translucent door.
  3142 | D:4      | Found a large runed translucent door.
  3143 | D:4      | Found a corrupted altar of Lugonu.
  3432 | D:5      | Entered Level 5 of the Dungeon
  3456 | D:5      | Reached skill level 5 in Fighting
  3599 | D:5      | Found a staircase to the Ecumenical Temple.
  3602 | D:5      | Reached skill level 1 in Stealth
  3651 | D:5      | Noticed Sigmund
  3661 | D:5      | Killed Sigmund
  3662 | D:5      | Reached skill level 9 in Axes
  3775 | D:5      | Reached XP level 8. HP: 57/69 MP: 7/7
  3928 | D:5      | Found an opulent altar of Gozag.
  3928 | D:5      | Found a broken altar of Ashenzari.
  3935 | D:5      | Found a sparkling altar of Nemelex Xobeh.
  3937 | D:5      | Found a bloodstained altar of Trog.
  3938 | D:5      | Found an ornate altar of the Wu Jian Council.
  4003 | D:5      | You fall into a shaft and drop 3 floors!
  4003 | D:8      | Found a snail-covered altar of Cheibriados.
  4003 | D:8      | Found a blossoming altar of Fedhas.
  4023 | D:8      | Noticed a two-headed ogre
  4028 | D:8      | Killed a two-headed ogre
  4029 | D:8      | Reached skill level 11 in Axes
  4051 | D:7      | Slain by an orc warrior

Illustrated notes

Levels and vault maps discovered:
D:1:      dpeg_arrival_orchard, layout_rooms,
          shapermc_ecumenical_altar_mp_urbaneastern
D:2:      layout_loops_ring
D:3:      layout_loops_cross, biasface_ghost_orc_armoury
D:4:      due_chaos_kobolds, layout_basic, mainiacjoe_overflow_tiny_flanked,
          corexii_shack
D:5:      layout_basic, chequers_temple_overflow_minitemple,
          mainiacjoe_overflow_chevrons, minmay_temple_entry_proselytizer,
          uniq_sigmund
D:7:      minmay_the_grid_octo_triangle [minmay_the_grid_octo_fan_narrow,
          minmay_the_grid_octo_prize_big_c,
          minmay_the_grid_octo_tetromino_candy], layout_gridville,
          gup_ossuary_entry_pyramid, uniq_pikel
D:8:      layout_cave_pools, nicolae_overflow_hidden_temple,
          mainiacjoe_overflow_alcove_1, grunt_decor_fettered,
          kennysheep_just_a_vault

Skill      XL: |  1  2  3  4  5  6  7  8 |
---------------+-------------------------+-----
Fighting       | 4 5 6 |  6.2
Axes           | 4 5 6 8 9 11 | 11.2
Dodging        | 3 4 |  4.1
Shields        | 1 2 |  2.8
Stealth        | 1 2 |  2.0
Armour         | |  2.8

Action                     |  1- 3 |  4- 6 |  7- 9 || total
---------------------------+-------+-------+-------++-------
  Melee: Hand axe          |    86 |   132 |    48 ||   266
         Headbutt          |     6 |    23 |     8 ||    37
         Punch             |       |     2 |       ||     2
 Invoke: Berserk           |       |     2 |     3 ||     5
         Trog's Hand       |       |     1 |       ||     1
    Use: Scroll            |       |     7 |     1 ||     8
         Potion            |       |       |     1 ||     1
   Stab: Sleeping          |       |     2 |       ||     2
         Distracted        |       |       |     1 ||     1
 Armour: Animal skin       |    15 |    11 |     5 ||    31
  Dodge: Dodged            |    56 |    50 |    32 ||   138
  Block: Other             |    11 |    25 |    12 ||    48
         Reflection        |       |       |     1 ||     1
